Description

The build Order comes from Garitos : A french GM Player.

This build order is really easy to execute. He is designed for beginner or new player who want a solid build order to improve and to reach a good level. The goal is to do a strong +1/+1 Timing and win the game on it. You can use the macro version by adding the third at 5min.

Why i did this build order ?

  • Easy to do for beginner
  • Strong in defense
  • Easy to understand
  • Help you to improve your mechanics
  • Meta: You can use it in GM too
  • Include scouting timing to help you learning how to scout
  • Can be done from bronze to GM

Few tips :

  • If you feel an attack (mass gling or bbust), do a full wall and produce roachs
  • Don't commit on micro in early game, macro is the most important thing
  • Never stop drone production until 60 drones (except if you want more unit)
  • Focus on your inject
  • Focus on one simple army composition: roach
  • Learn to scout step by step: Understand why he is taking gas, why he doesn't expand etc...

This build is designed to be good in defense and in attack.

Replay - Garitos v IIIIIIIIIIII - Eternal Empire LE

Build Order

Get SALT Encoding   

  12  0:00  Drone  
  13  0:14  Overlord  
  13  0:18  Drone  
  14  0:32  Drone x2  
  16  0:51  Drone  
  16  0:54  Hatchery  
  17  0:57  Drone  
  17  1:02  Drone  
  18  1:16  Spawning Pool, Drone  
  18  1:26  Drone  
  19  1:42  Drone  
  19  1:43  Hatchery  
  19  2:02  Queen x2  
  19  2:06  Zergling x4  
  26  2:17  Overlord  
  28  2:39  Queen  
  34  2:51  Overlord  
  34  2:55  Queen  
  48  3:27  Extractor x2  
  48  3:40  Roach Warren, Evolution Chamber  
  50  3:49  Overlord  
  50  4:00  Queen, Extractor x2  
  52  4:07  Evolution Chamber  
  51  4:14  Evolution Chamber  
  56  4:18  Overlord, Lair  
  59  4:40  Spore Crawler x3  
  59  4:43  Zerg Ground Armor Level 1  
  59  4:45  Extractor x2  
  63  5:01  Zerg Missile Weapons Level 1  
  61  5:20  Glial Reconstitution  
  73  5:44  Queen  
  75  5:51  Roach x4  
  83  5:58  Roach x3  
  83  6:03  Extractor  
  83  6:04  Roach x3  
  124  6:38  Overseer  
  132  6:46  Ravager x2  
  138  7:02  Hatchery  
  138  7:03  Ravager  
Spawning Tool Build Advisor. Get it on Overwolf

Go to:

Details

  • Created by: zuka      
  • Published on: Sep 25, 2020
  • Modified on: Oct 09, 2020
  • Patch: 4.11.0
  • Difficulty: Easy
Show
View Real Time Build Order
Export as new Build Order

Comments (1)

On Dec. 11, 2020, 3:16 p.m., afrAy  said:

bro wtf by the end of the build you have like 4 attackers. i played this build and and the terrans ANNIHILATED ME. within seconds, my few workers were killed plus, i had to add more overlords, because you called for like 1/20th of the number you need. worst build ever wtf.

Create an account to comment!